 Dungeon Crawl Stone Soup version 0.22-a0-469-gf26638a (webtiles) character file.

186 4thArraOfDagon the Chopper (level 5, -4/47 HPs)
             Began as a Hill Orc Monk on June 13, 2018.
             Was a Believer of Okawaru.
             Slain by a mummy (17 damage)
             ... in an ossuary.
             The game lasted 00:03:24 (609 turns).

4thArraOfDagon the Chopper (Hill Orc Monk)           Turns: 609, Time: 00:03:24

Health: -4/47      AC:  6    Str: 19    XL:     5   Next: 66%
Magic:  4/6        EV: 15    Int: 11    God:    Okawaru [**....]
Gold:   72         SH:  0    Dex: 13    Spells: 4/4 levels left

rFire    . . .     SeeInvis .   a - +0 hand axe
rCold    . . .     Gourm    .   (no shield)
rNeg     . . .     Faith    .   e - +0 ring mail
rPois    .         Spirit   .   (no helmet)
rElec    .         Reflect  .   (no cloak)
rCorr    .         Harm     .   (no gloves)
MR       .....                  (no boots)
Stlth    +++.......             d - amulet of the acrobat
HPRegen  0.15/turn              (no ring)
MPRegen  0.10/turn              (no ring)

@: mighty, heroism
A: no striking features
a: Heroism, Renounce Religion


You were in an ossuary.
You worshipped Okawaru.
Okawaru was pleased with you.
You were not hungry.

You visited 1 branch of the dungeon, and saw 5 of its levels.
You also visited: Ossuary.

You collected 72 gold pieces.

Inventory:

Hand Weapons
 a - a +0 hand axe (weapon)
Armour
 b - a +0 robe
 e - a +0 ring mail (worn)
Jewellery
 d - an amulet of the acrobat (around neck)
Scrolls
 f - a scroll of teleportation
Comestibles
 c - 4 rations


   Skills:
 + Level 4.8(9.8) Fighting
 * Level 6.4(11.4) Axes
 - Level 2.6(7.6) Dodging
 - Level 1.5(6.5) Stealth
 + Level 2.6 Invocations


You had 4 spell levels left.
You didn't know any spells.
Your spell library was empty.

Dungeon Overview and Level Annotations

Branches:
Dungeon (5/15)
 Temple: D:4-7

Altars:
Kikubaaqudgha
Okawaru
Qazlal
Ru
Uskayaw
Vehumet


Message History

Okawaru accepts your kill.
You slash the orc zombie!
You destroy the orc zombie!
Okawaru accepts your kill.
A poisoned needle hits the orc zombie!
A poisoned needle hits the kobold zombie!
An arrow hits the orc zombie!
A poisoned needle misses the elf zombie!
You slash the mummy!
The mummy is moderately damaged.
An arrow hits the mummy!
You hit the mummy.
The mummy is heavily damaged.
The elf zombie hits you but does no damage.
There is an open door here.
Unknown command.
You slash the mummy!
The mummy is almost destroyed.
You hit the mummy. You slash the elf zombie! The mummy hits you!
You die...

#..##.............
#..#..............
#.................
#........Z...Z....
#.....##.M........
#..Z..##....Z.....
#ZZZ..............
#MZZZ.............
#@##Z.......Z#####
#.M#^........Z....
#!!#.........Z.∩.Z
##################


You could see 2 mummies, a rat zombie, 2 kobold zombies, 3 orc zombies and 2 elf
zombies.

Vanquished Creatures
  A centaur (D:5)
  A bullfrog zombie (D:5)
  A hound zombie (Ossuary)
  3 adders
  An adder zombie (Ossuary)
  A dart slug (D:3)
  3 leopard geckos
  A ball python (D:1)
  2 giant cockroaches (D:3)
  3 goblins
  A hobgoblin (D:3)
  2 jackals (D:3)
  A kobold (D:3)
  4 bats
  A frilled lizard (D:3)
  A jackal zombie (Ossuary)
  An orc zombie (Ossuary)
  2 rats (D:3)
30 creatures vanquished.

Vanquished Creatures (others)
  An orc priest (D:5)
1 creature vanquished.

Grand Total: 31 creatures vanquished

Notes
Turn   | Place    | Note
-------+----------+-------------------------------------------
     0 | D:1      | 4thArraOfDagon the Hill Orc Monk began the quest for the Orb.
     0 | D:1      | Reached XP level 1. HP: 19/19 MP: 1/1
    77 | D:1      | Reached XP level 2. HP: 25/27 MP: 2/2
    93 | D:2      | Found an iron altar of Okawaru.
    97 | D:2      | Found a sacrificial altar of Ru.
    99 | D:2      | Found an ancient bone altar of Kikubaaqudgha.
    99 | D:2      | Found a radiant altar of Vehumet.
    99 | D:2      | Found a stormy altar of Qazlal.
   104 | D:2      | Found a hide-covered altar of Uskayaw.
   113 | D:2      | Became a worshipper of Warmaster Okawaru
   113 | D:2      | Reached * piety under Okawaru
   113 | D:2      | Reached ** piety under Okawaru
   237 | D:3      | Reached XP level 3. HP: 19/33 MP: 3/3
   340 | D:3      | Reached skill level 5 in Axes
   429 | D:5      | Entered Level 5 of the Dungeon
   429 | D:5      | Noticed a centaur
   441 | D:5      | Killed a centaur
   441 | D:5      | Reached skill level 6 in Axes
   441 | D:5      | Reached XP level 4. HP: 17/41 MP: 1/5
   441 | D:5      | Reached XP level 5. HP: 19/47 MP: 1/6
   461 | D:5      | Noticed an ice beast
   482 | D:5      | Noticed an ice beast
   542 | D:5      | Found a sand-covered staircase.
   548 | Ossuary  | Entered an ossuary
   609 | Ossuary  | Slain by a mummy

Vault maps used:
D:1:      lemuel_arrival_behind_the_door_large, feat_on_display
D:2:      grunt_temple_overflow_order_and_chaos_2,
          lemuel_coloured_pillars_altar, minitemple
D:4:      kennysheep_mini_moat, uniq_menkaure
D:5:      minmay_temple_entry_fiery, first_ration, gup_ossuary_entry_pyramid
Ossuary:  ossuary_minmay_tomb_2a

Skill      XL: |  1  2  3 |
---------------+----------+-----
Fighting       | 4 |  4.8
Axes           | 6 |  6.4
Invocations    | 2 |  2.6
Dodging        | |  2.6
Stealth        | |  1.5

Action                   |  1- 3 |  4- 6 || total
-------------------------+-------+-------++-------
Melee: Hand axe          |    68 |    24 ||    92
       Unarmed           |     4 |     9 ||    13
Invok: Heroism           |     2 |     1 ||     3
  Use: Potion            |     3 |     1 ||     4
       Scroll            |       |     2 ||     2
Armor: Robe              |     4 |       ||     4
       Ring mail         |    16 |    22 ||    38
       Skin              |    21 |    12 ||    33
Dodge: Dodged            |    44 |    21 ||    65

Table legend:
 A = Spawn XP
 B = Non-spawn XP
 C = Spawn XP percentage of total XP
 D = Spawn monster count
 E = Non-spawn monster count
 F = Spawn count percentage of total count
 G = Total turns spent on level
                    A         B        C        D         E        F      G
               +---------+---------+-------+---------+---------+-------+---------
         Total |       0 |     267 |   0.0 |       0 |      30 |   0.0 |   609
               +---------+---------+-------+---------+---------+-------+---------
           D:1 |       0 |      11 |   0.0 |       0 |       6 |   0.0 |    86
           D:3 |       0 |      55 |   0.0 |       0 |      17 |   0.0 |   251
           D:5 |       0 |     173 |   0.0 |       0 |       3 |   0.0 |   119
       Ossuary |       0 |      28 |   0.0 |       0 |       4 |   0.0 |    61
               +---------+---------+-------+---------+---------+-------+---------
